 Dungeon Crawl Stone Soup version 0.20-a0-1026-gc3ddcbd (console) character file.

1007 nht the Spear-Bearer (level 8, 0/52 HPs)
             Began as a Merfolk Venom Mage on Apr 20, 2017.
             Slain by a worker ant (2 damage)
             ... on level 5 of the Dungeon.
             The game lasted 00:10:30 (4974 turns).

nht the Spear-Bearer (Merfolk Venom Mage)           Turns: 4974, Time: 00:10:31

Health: 0/52       AC: 10    Str:  8    XL:     8   Next: 20%
Magic:  1/11       EV: 11    Int: 16    God:    Xom [......]
Gold:   153        SH:  0    Dex: 15    Spells: 10/11 levels left

rFire    . . .     SeeInvis .   a - +0 trident
rCold    . . .     Gourm    .   (no shield)
rNeg     . . .     Faith    .   x - +3 ring mail
rPois    .         Spirit   .   (helmet restricted)
rElec    .         Reflect  .   (no cloak)
rCorr    .         Harm     .   (no gloves)
MR       +....                  f - +1 pair of boots
Stlth    +.........             q - amulet of inaccuracy
Regen    0.2/turn               j - ring of protection from magic
MPRegen  0.2/turn               (no ring)

@: lethally poisoned (0 -> -8), very slightly contaminated, hasted (expiring),
very quick
A: change form in water, swift swim, stealthy swim, horns 1
a: Renounce Religion


You were on level 5 of the Dungeon.
You worshipped Xom.
You were a very special plaything of Xom.
You were not hungry.

You visited 1 branch of the dungeon, and saw 5 of its levels.

You collected 153 gold pieces.

Inventory:

Hand Weapons
 a - a +0 trident (weapon)
 i - a +2 dagger of protection
Missiles
 d - 8 curare-tipped needles
 k - 8 javelins (quivered)
 s - 3 javelins of penetration
Armour
 f - a +1 pair of boots (worn)
 x - a +3 ring mail (worn)
Jewellery
 j - a ring of protection from magic (left hand)
 q - an amulet of inaccuracy (around neck)
 w - an uncursed ring of ice
Wands
 r - a wand of polymorph (13/24)
Scrolls
 h - 3 scrolls of teleportation
 m - 2 scrolls of amnesia
Potions
 e - a potion of curing
 g - a potion of heal wounds
Books
 b - a Young Poisoner's Handbook

   Spells                             Type                      Level
   a - Sting                          Conjuration/Poison           1
   b - Poisonous Vapours              Poison/Air                   2
   c - Mephitic Cloud                 Conjuration/Poison/Air       3
   d - Olgreb's Toxic Radiance        Poison                       4
   e - Venom Bolt                     Conjuration/Poison           5
Comestibles
 c - 4 bread rations
 n - 3 fruits
 p - a royal jelly
 u - a meat ration


   Skills:
 + Level 11.7 Polearms
 - Level 2.6 Dodging
 - Level 2.1 Stealth
 - Level 2.0 Spellcasting
 - Level 0.7 Conjurations
 - Level 5.1 Poison Magic


You had 10 spell levels left.
You knew the following spells:

 Your Spells              Type           Power        Failure   Level  Hunger
a - Sting                 Conj/Pois      ##..         19%         1    #......


Dungeon Overview and Level Annotations

Branches:
Dungeon (5/15)
 Temple: D:4-7

Altars:
Fedhas
Kikubaaqudgha
Ru
Sif Muna
Trog
Xom

Annotations:
D:3 Sigmund


Innate Abilities, Weirdness & Mutations

You revert to your normal form in water.
You are very nimble and swift while swimming.
You are very stealthy in the water. (Stealth+)
You have a pair of small horns on your head.


Message History

The worker ant is moderately wounded.
You feel sick. The worker ant bites you!
* * * LOW HITPOINT WARNING * * *
You are lethally poisoned!
The worker ant poisons you!
You miss the worker ant.
The worker ant is moderately wounded.
You miss the worker ant.
The worker ant is moderately wounded.
The worker ant closely misses you.
You miss the worker ant.
The worker ant is moderately wounded.
* * * LOW HITPOINT WARNING * * *
You feel sick.
You closely miss the worker ant.
You headbutt the worker ant, but do no damage.
The worker ant is moderately wounded.
The worker ant bites you.
You die... "It was about time." ████ ██... ██ █≈≈.≈ ███. █████

██.≈≈.
██...███...█
█..≈_≈
██....█.....█
█.l≈..
█....█......██
█.≈.≈≈
█...........█
█. █.
██....@.....█
█.███.
█.....a.....█
█..Y..
█...........█
████..
█............█
█..█
███.........██
██..█
█..........█
█..██
█..........█
██..█
█.........██
█..██
█..[......███
██..█


You could see a worker ant.

Vanquished Creatures
  A water moccasin (D:5)
  An ice beast (D:5)
  2 ogres (D:5)
  Blork the orc (D:4)
  A scorpion (D:4)
  2 howler monkeys (D:5)
  2 hounds (D:4)
  A centaur skeleton (D:4)
  A bullfrog skeleton (D:5)
  Natasha (thrice) (D:2)
  A worker ant (D:5)
  A hound zombie (D:3)
  2 gnolls (D:2)
  8 adders
  An adder zombie (D:5)
  3 worms
  A dart slug (D:1)
  3 leopard geckos
  6 orcs (D:3)
  9 bats
  4 giant cockroaches
  4 goblins
  8 hobgoblins
  2 jackals (D:3)
  6 kobolds
  A quokka (D:2)
  2 ball pythons
  3 frilled lizards
  A jackal skeleton (D:4)
  A leopard gecko skeleton (D:4)
  11 rats
93 creatures vanquished.

Vanquished Creatures (collateral kills)
  A gnoll (D:2)
1 creature vanquished.

Vanquished Creatures (others)
  The ghost of DEFE the Ducker, a novice DEAK of Lugonu (D:4)
1 creature vanquished.

Grand Total: 95 creatures vanquished

Notes
Turn   | Place    | Note
-------+----------+-------------------------------------------
     0 | D:1      | nht the Merfolk Venom Mage began the quest for the Orb.
     0 | D:1      | Reached XP level 1. HP: 13/13 MP: 3/3
   269 | D:1      | Reached XP level 2. HP: 19/19 MP: 0/5
   778 | D:1      | Reached XP level 3. HP: 24/24 MP: 0/6
  1323 | D:2      | Found a faded altar of an unknown god.
  1330 | D:2      | Found a bloodstained altar of Trog.
  1332 | D:2      | Found a deep blue altar of Sif Muna.
  1333 | D:2      | Became a worshipper of Xom of Chaos
  1385 | D:2      | Found a blossoming altar of Fedhas.
  1398 | D:2      | Reached skill level 5 in Poison Magic
  1410 | D:2      | Found an ancient bone altar of Kikubaaqudgha.
  1410 | D:2      | Found a shimmering altar of Xom.
  1569 | D:2      | XOM: harmless Summ miscast
  1667 | D:2      | Noticed Natasha
  1677 | D:2      | XOM: potion effect (heal wounds)
  1678 | D:2      | Killed Natasha
  1678 | D:2      | Reached skill level 2 in Polearms
  1678 | D:2      | Reached XP level 4. HP: 30/30 MP: 1/7
  1755 | D:2      | XOM: divination: detect items
  1912 | D:2      | XOM: harmless Air miscast
  2137 | D:2      | Reached skill level 3 in Polearms
  2311 | D:2      | Noticed Natasha
  2317 | D:2      | XOM: butterfly on damage
  2318 | D:2      | Killed Natasha
  2318 | D:2      | Reached skill level 4 in Polearms
  2318 | D:2      | Reached XP level 5. HP: 17/35 MP: 0/8
  2453 | D:2      | Noticed Natasha
  2462 | D:2      | Killed Natasha
  2472 | D:2      | XOM: harmless Pois miscast
  2474 | D:2      | Reached skill level 5 in Polearms
  2497 | D:2      | XOM: cast spell 'Call Canine Familiar'
  2608 | D:3      | Noticed Sigmund
  2752 | D:3      | Found a sacrificial altar of Ru.
  2868 | D:3      | XOM is BORED!
  2868 | D:3      | XOM: confusion (+ monsters)
  3007 | D:4      | Reached skill level 6 in Polearms
  3094 | D:4      | Noticed DEFE's ghost (novice DEAK)
  3213 | D:4      | Reached XP level 6. HP: 32/41 MP: 9/9
  3256 | D:4      | XOM: confuse monster(s)
  3341 | D:4      | Noticed Blork the orc
  3348 | D:4      | XOM: confuse monster(s)
  3353 | D:4      | Killed Blork the orc
  3353 | D:4      | Reached skill level 7 in Polearms
  3416 | D:4      | XOM: divination: detect creatures
  3425 | D:4      | Reached skill level 8 in Polearms
  3512 | D:4      | XOM: cast spell 'Alistair's Intoxication'
  3517 | D:4      | XOM: fog
  3521 | D:4      | XOM: cleaving
  3535 | D:4      | XOM: enchant monster (good)
  3551 | D:4      | XOM: swap monsters
  3552 | D:4      | Killed DEFE's ghost
  3552 | D:4      | Reached XP level 7. HP: 39/46 MP: 10/10
  3552 | D:4      | XOM: divine lightning
  3892 | D:3      | Noticed Sigmund
  3892 | D:3      | Sigmund changed into Sigmund the swamp drake
  4034 | D:3      | XOM: give mutation
  4034 | D:3      | Gained mutation: You have a pair of small horns on your head. [Xom's grace]
  4083 | D:3      | XOM: cleaving
  4090 | D:3      | Reached skill level 9 in Polearms
  4167 | D:3      | XOM: scenery: create altars
  4215 | D:3      | XOM: harmless Ice miscast
  4344 | D:5      | Entered Level 5 of the Dungeon
  4531 | D:5      | Reached skill level 10 in Polearms
  4640 | D:5      | Reached skill level 11 in Polearms
  4640 | D:5      | Reached XP level 8. HP: 52/52 MP: 2/11
  4748 | D:5      | Found a blossoming altar of Fedhas.
  4773 | D:5      | XOM: 2-stop teleportation journey
  4950 | D:5      | HP: 1/52 [worker ant (5)]
  4973 | D:5      | HP: 2/52 [poisoned by a worker ant]
  4974 | D:5      | Slain by a worker ant

Vault maps used:
D:1:      dpeg_arrival_circle_labyrinth_a
D:2:      grunt_temple_overflow_open, chequers_ecumenical_altar_simple,
          kennysheep_pointless_box, uniq_natasha
D:3:      minmay_wonky_spiral, lemuel_crystal_altar, first_bread, uniq_sigmund
D:4:      serial_glass, glass_columns_b, glass_columns_b, uniq_blork_the_orc
D:5:      fedhas_altar_2

Skill      XL: |  1  2  3  4  5  6  7 |
---------------+----------------------+-----
Poison Magic   | 4 5 |  5.1
Polearms       | 2 4 6 8 11 | 11.7
Dodging        | |  2.6
Stealth        | |  2.1
Spellcasting   | |  2.0
Conjurations   | |  0.7

Action                   |  1- 3 |  4- 6 |  7- 9 || total
-------------------------+-------+-------+-------++-------
Melee: Unarmed           |     4 |       |       ||     4
       Dagger            |    21 |       |       ||    21
       Spear             |     4 |   107 |    55 ||   166
       Trident           |       |       |   119 ||   119
       Headbutt          |       |       |    18 ||    18
 Cast: Sting             |    74 |    98 |    75 ||   247
Evoke: Wand              |       |       |     2 ||     2
  Use: Scroll            |     6 |     3 |     2 ||    11
       Potion            |       |     3 |     5 ||     8
 Stab: Distracted        |       |     1 |       ||     1
       Sleeping          |       |       |     1 ||     1
  Eat: Chunk             |     3 |     9 |     6 ||    18
Armor: Robe              |    12 |    13 |       ||    25
       Skin              |       |    18 |       ||    18
       Ring mail         |       |     4 |    47 ||    51
Dodge: Dodged            |    37 |    52 |    81 ||   170
